cohdb
Replays
Latest Replays
All Replays
Popular Replays
Top Player Replays
Match Explorer
How It Works
Community
CoH3 Stats
Reddit
Sign in to upload your games and track your stats! →
Sign in with Steam
Match 45524720
Unlisted
Match 45524720
Overview
Messages
Build Orders
End
Selects Heavy Weapons
Construct Barracks
Engineer Squad
1⁄4-ton 4x4 Truck
Riflemen Squad
Riflemen Squad
Mechanized Support Center
Riflemen Squad
Construct Motor Pool
Selects M2HB .50cal Heavy Machine Gun
Designate Forward Repair Station
M8 Greyhound Armored Car
Construct Medical Station
Grenade Package
M1918 Browning Automatic Rifles
Engineer Squad
Selects Assault Carriers
Selects Exchangeable Parts
M3 75 mm Gun Motor Carriage
Construct Tank Depot
Selects Rapid Reposition
M4A1 Sherman Medium Tank
M4A1 76mm Conversion
Improvised Armor
M1 Anti-tank Gun Team
M4A1(76) Sherman Medium Tank
Selects Black Dragon Artillery Barrage
M4A1(76) Sherman Medium Tank
Rapid Repairs
Designate Forward Repair Station
Salvage Crew
M4A1(76) Sherman Medium Tank
DeltaBravo82
ClockworkVex
Hepa
Smartie
chmod 777
Fallenschirmjäger
0
0
Comments
sign in to comment!
No comments posted yet!